 Dungeon Crawl Stone Soup version 0.22-a0-271-gc000056 (webtiles) character file.

108 RoseArtemis the Slasher (level 4, -4/41 HPs)
             Began as a Minotaur Berserker on Mar 11, 2018.
             Was a Believer of Trog.
             Killed from afar by an orc wizard (12 damage)
             ... with a puff of frost
             ... on level 3 of the Dungeon.
             The game lasted 00:05:38 (2221 turns).

RoseArtemis the Slasher (Minotaur Berserker)        Turns: 2221, Time: 00:05:39

Health: -4/41      AC: 11    Str: 21    XL:     4   Next: 58%
Magic:  3/3        EV:  8    Int:  4    God:    Trog [**....]
Gold:   58         SH:  0    Dex: 11    Spells: 3/3 levels left

rFire    . . .     SeeInvis .   a - +0 falchion
rCold    . . .     Gourm    .   (no shield)
rNeg     . . .     Faith    .   e - +0 chain mail
rPois    .         Spirit   .   (helmet restricted)
rElec    .         Reflect  .   g - +0 cloak
rCorr    .         Harm     .   o - +0 pair of gloves
MR       .....                  (no boots)
Stlth    ..........             (no amulet)
HPRegen  0.13/turn              (no ring)
MPRegen  0.08/turn              (no ring)

@: no status effects
A: retaliatory headbutt, horns 2
a: Berserk, Trog's Hand, Renounce Religion


You were on level 3 of the Dungeon.
You worshipped Trog.
Trog was pleased with you.
You were hungry.

You visited 1 branch of the dungeon, and saw 3 of its levels.

You collected 58 gold pieces.

Inventory:

Hand Weapons
 a - a +0 falchion (weapon)
Armour
 e - a +0 chain mail (worn)
 g - a +0 cloak (worn)
 o - a +0 pair of gloves (worn)
Jewellery
 p - a +2 ring of evasion {unknown}
Scrolls
 d - a scroll of identify {unknown}
 f - a scroll of teleportation {unknown}
 i - 2 scrolls of remove curse
 m - a scroll of noise {unknown}
 n - a scroll of random uselessness {unknown}
Potions
 h - a potion of flight {unknown}
 j - a potion of heal wounds {unknown}
 k - 2 potions of curing {unknown}
 l - a potion of berserk rage {unknown}
 q - a potion of might {unknown}
 r - a potion of agility {unknown}
Comestibles
 b - 5 chunks of flesh
 c - 5 rations


   Skills:
 + Level 4.5 Fighting
 * Level 5.3 Long Blades
 + Level 3.5 Armour
 - Level 2.1 Dodging


You had 3 spell levels left.
You didn't know any spells.

Dungeon Overview and Level Annotations

Branches:
Dungeon (3/15)

Altars:


Innate Abilities, Weirdness & Mutations

You reflexively headbutt those who attack you in melee.
You have a pair of horns on your head.


Message History

The puff of frost hits you!
You hear some strange, mumbled words.
A puff of frost appears from out of thin air!
The puff of frost hits you!
* * * LOW HITPOINT WARNING * * *
Something hits you but does no damage.
You feel the effects of Trog's Hand fading.
Something hits you.
* * * LOW HITPOINT WARNING * * *
Something hits you but does no damage.
Your skin stops crawling.
You feel less resistant to hostile enchantments.
You hear some strange, mumbled words.
Something hits you but does no damage.
A magic dart appears from out of thin air!
The magic dart hits you!
* * * LOW HITPOINT WARNING * * *
A puff of frost appears from out of thin air!
The puff of frost hits you!
You die...

#....)........ ###.....
##########.....!.......
#.#.####
..o.bo.).รท.....########
#.......
##################
#.#.#### # #.obo....#
#.#..... # #.######.#
#.###### # #.# #.# #.# #
#o# #.# #.# #########.#
#@# #.# ...ob.o.b.# #.#
#.# ###########
#.#########.#
#...........#
#.#########.# #.# #.#
### ###


There were no monsters in sight!

Vanquished Creatures
  An orc priest (D:3)
  An adder (D:2)
  A worm (D:2)
  A dart slug (D:2)
  A leopard gecko (D:1)
  2 orcs (D:3)
  5 ball pythons
  5 bats
  A giant cockroach (D:2)
  9 goblins
  5 hobgoblins
  8 jackals
  3 kobolds
  3 quokkas
  4 frilled lizards
  7 rats
57 creatures vanquished.

Notes
Turn   | Place    | Note
-------+----------+-------------------------------------------
     0 | D:1      | RoseArtemis the Minotaur Berserker began the quest for the Orb.
     0 | D:1      | Reached XP level 1. HP: 19/19 MP: 0/0
   126 | D:1      | Reached skill level 4 in Long Blades
   126 | D:1      | Reached XP level 2. HP: 27/27 MP: 1/1
   444 | D:1      | Reached XP level 3. HP: 31/33 MP: 2/2
   788 | D:2      | Reached ** piety under Trog
   963 | D:2      | Found a faded altar of an unknown god.
  1717 | D:2      | Reached XP level 4. HP: 40/40 MP: 3/3
  2019 | D:3      | Reached skill level 5 in Long Blades
  2206 | D:3      | HP: 2/41 [something/puff of frost (10)]
  2221 | D:3      | Killed from afar by an orc wizard

Vault maps used:
D:1:      sevenhm_arrival_forest_fort_small_3
D:2:      chequers_ecumenical_altar_simple, serial_corexii_hall,
          corexii_hall_statues_x, corexii_hall_statues_s
D:3:      fedhas_altar_4

Skill      XL: |  1  2  3  4 |
---------------+-------------+-----
Long Blades    | 4 5 |  5.3
Fighting       | 4 |  4.5
Armour         | 3 |  3.5
Dodging        | |  2.1

Action                   |  1- 3 |  4- 6 || total
-------------------------+-------+-------++-------
Melee: Falchion          |   121 |    24 ||   145
       Headbutt          |    12 |     7 ||    19
Invok: Trog's Hand       |       |     2 ||     2
  Use: Scroll            |       |     1 ||     1
  Eat: Chunk             |     3 |     1 ||     4
Armor: Chain mail        |    64 |    20 ||    84
Dodge: Dodged            |    43 |     8 ||    51
       Rpst.: Falchion   |    10 |     2 ||    12

Table legend:
 A = Spawn XP
 B = Non-spawn XP
 C = Spawn XP percentage of total XP
 D = Spawn monster count
 E = Non-spawn monster count
 F = Spawn count percentage of total count
 G = Total turns spent on level
                    A         B        C        D         E        F      G
               +---------+---------+-------+---------+---------+-------+---------
         Total |       0 |     155 |   0.0 |       0 |      57 |   0.0 |  2221
               +---------+---------+-------+---------+---------+-------+---------
           D:1 |       0 |      44 |   0.0 |       0 |      25 |   0.0 |   793
           D:2 |       0 |      55 |   0.0 |       0 |      24 |   0.0 |  1104
           D:3 |       0 |      56 |   0.0 |       0 |       8 |   0.0 |   324
               +---------+---------+-------+---------+---------+-------+---------
